BSA
HENDERSONVILLE HITMEN @ BOSTON REBELS
08/28/2030
 
TOP OF THE 1ST
Hendersonville Hitmen batting - Pitching for Boston Rebels : RHP Matt Barlow
Pitching: RHP Matt Barlow
Batting: SHB Félix Montoya 0-0: Called Strike
0-1: Swinging Strike
0-2: Ball
1-2: Foul Ball, location: 2F
1-2: Ground out 1-3 (Groundball, 13S)
Batting: LHB Tommy Payne 0-0: Fly out, F8 (Flyball, 78XD)
Batting: LHB Robert Phillips 0-0: Ball
1-0: Ball
2-0: Ball
3-0: Called Strike
3-1: Base on Balls
Batting: RHB Felipe Jareño 0-0: Called Strike
0-1: Fly out, F8 (Flyball, 8LS)
Top of the 1st over - 0 runs, 0 hits, 0 errors, 1 left on base; Hendersonville 0 - Boston 0
BOTTOM OF THE 1ST
Boston Rebels batting - Pitching for Hendersonville Hitmen : RHP Guy Hebert
Pitching: RHP Guy Hebert
Batting: LHB Paco Córdova 0-0: Swinging Strike
0-1: Ball
1-1: Ball
2-1: Swinging Strike
2-2: Ball
3-2: Strikes out swinging
Batting: RHB Ken McDonald 0-0: Called Strike
0-1: Ball
1-1: Ball
2-1: Ground out U3 (Groundball, 3)
Batting: LHB Frank Jackson 0-0: Ball
1-0: Ball
2-0: Foul Ball, location: 2F
2-1: Ball
3-1: Base on Balls
Batting: RHB Tony Long 0-0: Ball
Frank Jackson is caught stealing 2nd base
Bottom of the 1st over - 0 runs, 0 hits, 0 errors, 0 left on base; Hendersonville 0 - Boston 0
TOP OF THE 2ND
Hendersonville Hitmen batting - Pitching for Boston Rebels : RHP Matt Barlow
Batting: LHB Pedro Rodríguez 0-0: Fly out, F3 (Line Drive, 3)
Batting: LHB Milo Glenn 0-0: Foul Ball, location: 2F
0-1: Called Strike
0-2: Fly out, F9 (Flyball, 89D)
Batting: LHB Pedro Gonzáles 0-0: Ground out 1-3 (Groundball, P)
Top of the 2nd over - 0 runs, 0 hits, 0 errors, 0 left on base; Hendersonville 0 - Boston 0
BOTTOM OF THE 2ND
Boston Rebels batting - Pitching for Hendersonville Hitmen : RHP Guy Hebert
Batting: RHB Tony Long 0-0: Ball
1-0: Called Strike
1-1: Foul Ball, location: 2F
1-2: Foul Ball, location: 2F
1-2: Foul Ball, location: 2F
1-2: Strikes out swinging
Batting: LHB Gabriel Aragón 0-0: Ball
1-0: Called Strike
1-1: Ball
2-1: Foul Ball, location: 2F
2-2: Ball
3-2: Base on Balls
Batting: LHB Ricardo Brandariz 0-0: Ball
1-0: SINGLE (Flyball, 6D)
Gabriel Aragón to second
Batting: RHB Alfredo Cortéz 0-0: Ball
1-0: Foul Ball, location: 2F
1-1: Swinging Strike
1-2: Foul Ball, location: 2F
1-2: Ball
2-2: Foul Ball, location: 2F
2-2: Ball
3-2: Base on Balls
Gabriel Aragón to third
Ricardo Brandariz to second
Batting: SHB Ismael Sánchez 0-0: Ball
1-0: Swinging Strike
1-1: Ball
2-1: Called Strike
2-2: Strikes out swinging
Batting: RHB David Rodríguez 0-0: Ball
1-0: SINGLE (Groundball, 34D)
Gabriel Aragón scores
Ricardo Brandariz to third
Alfredo Cortéz to second
Runner from 3rd tries for Home, SAFE, no throw
Batting: LHB Paco Córdova 0-0: Called Strike
0-1: Ball
Passed Ball!
Alfredo Cortéz to third
David Rodríguez to second
1-1: Foul Ball, location: 2F
1-2: DOUBLE (Groundball, 5L)
Alfredo Cortéz scores
David Rodríguez scores
Batting: RHB Ken McDonald 0-0: Called Strike
0-1: Ball
1-1: Ball
2-1: Ball
3-1: Base on Balls
Batting: LHB Frank Jackson 0-0: Ball
1-0: Ball
2-0: Ball
3-0: Base on Balls
Paco Córdova to third
Ken McDonald to second
Batting: RHB Tony Long 0-0: Ball
1-0: Ball
2-0: Called Strike
2-1: Ball
3-1: Base on Balls
Paco Córdova scores
Ken McDonald to third
Frank Jackson to second
Batting: LHB Gabriel Aragón 0-0: Ball
1-0: Foul Ball, location: 2F
1-1: Swinging Strike
1-2: Ball
2-2: Ball
3-2: Base on Balls
Ken McDonald scores
Frank Jackson to third
Tony Long to second
Batting: LHB Ricardo Brandariz 0-0: Ball
1-0: Swinging Strike
1-1: Ball
2-1: Fly out, F6 (Popup, 6M)
Bottom of the 2nd over - 6 runs, 3 hits, 0 errors, 3 left on base; Hendersonville 0 - Boston 6
TOP OF THE 3RD
Hendersonville Hitmen batting - Pitching for Boston Rebels : RHP Matt Barlow
Batting: LHB Miguel García 0-0: Called Strike
0-1: Ground out 4-3 (Groundball, 4S)
Batting: SHB José Estreito 0-0: Ball
1-0: Ball
2-0: Foul Ball, location: 2F
2-1: Ball
3-1: Base on Balls
Batting: SHB Félix Montoya 0-0: Called Strike
0-1: Ball
José Estreito steals 2nd base
1-1: Foul Ball, location: 2F
1-2: DOUBLE (Flyball, 89D)
José Estreito scores
Batting: LHB Tommy Payne 0-0: Ball
1-0: Ball
2-0: Ball
3-0: Base on Balls
Batting: LHB Robert Phillips 0-0: Foul Ball, location: 2F
0-1: Called Strike
0-2: Ball
1-2: Ball
2-2: Foul Ball, location: 2F
2-2: Foul Ball, location: 2F
2-2: SINGLE (Line Drive, 56D)
Félix Montoya to third
Tommy Payne to second
Runner from 3rd tries for Home, SAFE, no throw
Batting: RHB Felipe Jareño 0-0: Called Strike
0-1: Swinging Strike
0-2: Foul Ball, location: 2F
0-2: Strikes out swinging
Batting: LHB Pedro Rodríguez 0-0: Foul Ball, location: 2F
0-1: Ground out 4-3 (Groundball, 4)
Top of the 3rd over - 2 runs, 2 hits, 0 errors, 2 left on base; Hendersonville 2 - Boston 6
BOTTOM OF THE 3RD
Boston Rebels batting - Pitching for Hendersonville Hitmen : RHP Guy Hebert
Batting: RHB Alfredo Cortéz 0-0: Ball
1-0: Ball
2-0: Ground out 4-3 (Groundball, 4)
Batting: SHB Ismael Sánchez 0-0: Swinging Strike
0-1: Foul Ball, location: 2F
0-2: Ball
1-2: DOUBLE (Line Drive, 3D)
Batting: RHB David Rodríguez 0-0: Swinging Strike
0-1: Ball
1-1: Foul Ball, location: 2F
1-2: Reached on error, E3 (Groundball, 34)
Ismael Sánchez to third
Batting: LHB Paco Córdova 0-0: Ball
1-0: Called Strike
1-1: Swinging Strike
1-2: SINGLE (Line Drive, 56)
Ismael Sánchez scores
David Rodríguez to second
Batting: RHB Ken McDonald 0-0: Called Strike
0-1: SINGLE (Flyball, 3D)
David Rodríguez to third
Paco Córdova to second
Runner from 3rd tries for Home, SAFE, no throw
Batting: LHB Frank Jackson 0-0: Called Strike
0-1: TRIPLE (Flyball, 89XD)
Paco Córdova scores
Ken McDonald scores
Batting: RHB Tony Long 0-0: Ball
1-0: Ground out 6-3 (Groundball, 6)
Frank Jackson scores
Batting: LHB Gabriel Aragón 0-0: Ground out 4-3 (Groundball, 34)
Bottom of the 3rd over - 5 runs, 4 hits, 1 error, 0 left on base; Hendersonville 2 - Boston 11
TOP OF THE 4TH
Hendersonville Hitmen batting - Pitching for Boston Rebels : RHP Matt Barlow
Batting: LHB Milo Glenn 0-0: Ball
1-0: Called Strike
1-1: Called Strike
1-2: Ball
2-2: Hit by Pitch
Batting: LHB Pedro Gonzáles 0-0: Ball
1-0: Called Strike
1-1: Ball
2-1: Fly out, F5 (Popup, 5F)
Batting: LHB Miguel García 0-0: Ball
1-0: Ball
Milo Glenn steals 2nd base
2-0: Called Strike
2-1: Foul Ball, location: 2F
2-2: SINGLE (Groundball, 4D)
Milo Glenn to third
Runner from 3rd tries for Home, SAFE, no throw
Batting: SHB José Estreito 0-0: Ball
Miguel García steals 2nd base
1-0: Called Strike
1-1: Ball
2-1: Ground out 1-3 (Groundball, 13)
Miguel García to third
Batting: SHB Félix Montoya 0-0: Ball
1-0: DOUBLE (Line Drive, 9LM)
Miguel García scores
Batting: LHB Tommy Payne 0-0: 2-RUN HOME RUN (Flyball, 9LD), Distance : 331 ft
Batting: LHB Robert Phillips 0-0: Called Strike
0-1: Swinging Strike
0-2: Ball
1-2: Strikes out swinging
Top of the 4th over - 4 runs, 3 hits, 0 errors, 0 left on base; Hendersonville 6 - Boston 11
BOTTOM OF THE 4TH
Boston Rebels batting - Pitching for Hendersonville Hitmen : RHP Guy Hebert
Batting: LHB Ricardo Brandariz 0-0: Foul Ball, location: 2F
0-1: Ball
1-1: Called Strike
1-2: Ball
2-2: Ball
3-2: Strikes out swinging
Batting: RHB Alfredo Cortéz 0-0: Called Strike
0-1: Ball
1-1: SINGLE (Flyball, 9S)
Pitching: RHP Rafael López
Batting: SHB Ismael Sánchez 0-0: Called Strike
0-1: Ball
1-1: Ball
2-1: Fielders Choice at 2nd, 4-6 (Groundball, 4)
Batting: RHB David Rodríguez 0-0: Ball
1-0: Called Strike
1-1: Called Strike
1-2: Ball
2-2: Foul Ball, location: 2F
2-2: 2-RUN HOME RUN (Flyball, 7LD), Distance : 350 ft
Batting: LHB Paco Córdova 0-0: Ground out 6-3 (Groundball, 6)
Bottom of the 4th over - 2 runs, 2 hits, 0 errors, 0 left on base; Hendersonville 6 - Boston 13
TOP OF THE 5TH
Hendersonville Hitmen batting - Pitching for Boston Rebels : RHP Matt Barlow
Batting: RHB Felipe Jareño 0-0: Ball
1-0: Called Strike
1-1: Called Strike
1-2: Foul Ball, location: 2F
1-2: Fly out, F8 (Flyball, 8RS)
Batting: LHB Pedro Rodríguez 0-0: Ball
1-0: Foul Ball, location: 2F
1-1: Ball
2-1: DOUBLE (Flyball, 8LXD)
Batting: LHB Milo Glenn 0-0: Ball
1-0: Ball
2-0: Ball
3-0: Base on Balls
Batting: LHB Pedro Gonzáles 0-0: Ball
1-0: Foul Ball, location: 2F
1-1: Called Strike
1-2: Foul Ball, location: 2F
1-2: Ball
2-2: Ball
3-2: Foul Ball, location: 2F
3-2: Foul Ball, location: 2F
3-2: Foul Ball, location: 2F
3-2: Fielders Choice at 2nd, 6-4 (Groundball, 6)
Pedro Rodríguez to third
Batting: LHB Miguel García 0-0: Fly out, F9 (Flyball, 89D)
Top of the 5th over - 0 runs, 1 hit, 0 errors, 2 left on base; Hendersonville 6 - Boston 13
BOTTOM OF THE 5TH
Boston Rebels batting - Pitching for Hendersonville Hitmen : RHP Rafael López
Batting: RHB Ken McDonald 0-0: Called Strike
0-1: Ball
1-1: Ball
2-1: Foul Ball, location: 2F
2-2: Ball
3-2: Base on Balls
Batting: LHB Frank Jackson 0-0: Foul Ball, location: 2F
0-1: Swinging Strike
0-2: Fly out, F9 (Flyball, 9S)
Batting: RHB Tony Long 0-0: Ball
1-0: Ball
2-0: Called Strike
2-1: Ball
3-1: Foul Ball, location: 2F
3-2: Reached on error, E9 (Flyball, 89D)
Ken McDonald to third
Batting: LHB Gabriel Aragón 0-0: Ball
1-0: Foul Ball, location: 2F
1-1: Ball
2-1: Ball
3-1: Ground out U3 (Groundball, 3L)
Batting: LHB Ricardo Brandariz 0-0: Ball
1-0: Ball
2-0: Foul Ball, location: 2F
2-1: Ball
3-1: Base on Balls
Batting: RHB Alfredo Cortéz 0-0: Called Strike
0-1: Ball
1-1: Ground out U3 (Groundball, 34)
Bottom of the 5th over - 0 runs, 0 hits, 1 error, 3 left on base; Hendersonville 6 - Boston 13
TOP OF THE 6TH
Hendersonville Hitmen batting - Pitching for Boston Rebels : RHP Matt Barlow
Batting: SHB José Estreito 0-0: Ball
1-0: Called Strike
1-1: Swinging Strike
1-2: Ball
2-2: Ball
3-2: Strikes out swinging
Batting: SHB Félix Montoya 0-0: Fly out, F8 (Flyball, 8LM)
Batting: LHB Tommy Payne 0-0: Ball
1-0: Called Strike
1-1: Fly out, F9 (Flyball, 9D)
Top of the 6th over - 0 runs, 0 hits, 0 errors, 0 left on base; Hendersonville 6 - Boston 13
BOTTOM OF THE 6TH
Boston Rebels batting - Pitching for Hendersonville Hitmen : RHP Rafael López
Batting: SHB Ismael Sánchez 0-0: Swinging Strike
0-1: Ball
1-1: Fly out, F8 (Flyball, 8RM)
Batting: RHB David Rodríguez 0-0: Ground out 6-3 (Groundball, 6)
Batting: LHB Paco Córdova 0-0: Foul Ball, location: 2F
0-1: Ground out 4-3 (Groundball, 34)
Bottom of the 6th over - 0 runs, 0 hits, 0 errors, 0 left on base; Hendersonville 6 - Boston 13
TOP OF THE 7TH
Hendersonville Hitmen batting - Pitching for Boston Rebels : RHP Matt Barlow
Batting: LHB Robert Phillips 0-0: Swinging Strike
0-1: Fly out, F4 (Line Drive, 4)
Batting: RHB Felipe Jareño 0-0: Foul Ball, location: 2F
0-1: SINGLE (Line Drive, 9S)
Batting: LHB Pedro Rodríguez 0-0: Called Strike
0-1: Ball
1-1: Fly out, F9 (Flyball, 9D)
Pitching: RHP Jesús Mendoza
Batting: LHB Milo Glenn 0-0: Called Strike
0-1: Ball
1-1: Foul Ball, location: 2F
1-2: Ball
2-2: Fly out, F7 (Flyball, 7LD)
Top of the 7th over - 0 runs, 1 hit, 0 errors, 1 left on base; Hendersonville 6 - Boston 13
BOTTOM OF THE 7TH
Boston Rebels batting - Pitching for Hendersonville Hitmen : RHP Rafael López
Batting: RHB Ken McDonald 0-0: Fly out, F8 (Flyball, 89D)
Batting: LHB Frank Jackson 0-0: Ball
1-0: Ball
2-0: Foul Ball, location: 2F
2-1: Swinging Strike
2-2: Ball
3-2: Foul Ball, location: 2F
3-2: Foul Ball, location: 2F
3-2: Foul Ball, location: 2F
3-2: SINGLE (Line Drive, 34D)
Pitching: RHP Tony Murillo
Batting: RHB Tony Long 0-0: Ball
1-0: Fly out, F8 (Flyball, 8RM)
Batting: LHB Gabriel Aragón 0-0: Called Strike
Frank Jackson is caught stealing 2nd base
Bottom of the 7th over - 0 runs, 1 hit, 0 errors, 0 left on base; Hendersonville 6 - Boston 13
TOP OF THE 8TH
Hendersonville Hitmen batting - Pitching for Boston Rebels : RHP Jesús Mendoza
Batting: LHB Pedro Gonzáles 0-0: Called Strike
0-1: Ball
1-1: Called Strike
1-2: Fly out, F9 (Flyball, 89S)
Batting: LHB Miguel García 0-0: Swinging Strike
0-1: DOUBLE (Line Drive, 78D)
Batting: SHB José Estreito 0-0: Ball
1-0: DOUBLE (Groundball, 3L)
Miguel García scores
Batting: SHB Félix Montoya 0-0: Ground out 5-3 (Groundball, 5S)
José Estreito to third
Batting: LHB Tommy Payne 0-0: Foul Ball, location: 2F
0-1: Swinging Strike
0-2: 2-RUN HOME RUN (Line Drive, 9LD), Distance : 316 ft
Pitching: LHP Keith Hill
Batting: LHB Robert Phillips 0-0: Ball
1-0: Ball
2-0: Foul Ball, location: 2F
2-1: Foul Ball, location: 2F
2-2: Strikes out looking
Top of the 8th over - 3 runs, 3 hits, 0 errors, 0 left on base; Hendersonville 9 - Boston 13
BOTTOM OF THE 8TH
Boston Rebels batting - Pitching for Hendersonville Hitmen : RHP Tony Murillo
Batting: LHB Gabriel Aragón 0-0: Ground out 5-3 (Groundball, 56)
Batting: LHB Ricardo Brandariz 0-0: Ball
1-0: SINGLE (Groundball, 6D)
Batting: RHB Alfredo Cortéz 0-0: Ball
1-0: Ball
2-0: Called Strike
2-1: Foul Ball, location: 2F
2-2: Ball
3-2: Foul Ball, location: 2F
3-2: Base on Balls
Ricardo Brandariz to second
Batting: SHB Ismael Sánchez 0-0: Ball
1-0: Foul Ball, location: 2F
1-1: Foul Ball, location: 2F
1-2: Ball
2-2: SINGLE (Line Drive, 34)
Ricardo Brandariz to third
Alfredo Cortéz to second
Runner from 3rd tries for Home, SAFE, no throw
Batting: RHB David Rodríguez 0-0: SINGLE (Line Drive, 4)
Alfredo Cortéz to third
Ismael Sánchez to second
Batting: LHB Paco Córdova 0-0: Ball
1-0: Ball
2-0: Called Strike
2-1: Called Strike
2-2: Foul Ball, location: 2F
2-2: Ball
3-2: Base on Balls
Alfredo Cortéz scores
Ismael Sánchez to third
David Rodríguez to second
Batting: RHB Ken McDonald 0-0: Ball
1-0: Swinging Strike
1-1: Ball
2-1: Fly out, F7 (Flyball, 78M)
Runner from 3rd tags up, SCORES, throw made
Batting: LHB Frank Jackson 0-0: Fielders Choice at 2nd, 6-4 (Groundball, 6)
Bottom of the 8th over - 3 runs, 3 hits, 0 errors, 2 left on base; Hendersonville 9 - Boston 16
TOP OF THE 9TH
Hendersonville Hitmen batting - Pitching for Boston Rebels : LHP Keith Hill
Batting: RHB Felipe Jareño 0-0: Ball
1-0: Swinging Strike
1-1: Swinging Strike
1-2: Strikes out looking
Pinch Hitting: RHB Carlos Flores 0-0: Fly out, F7 (Flyball, 7)
Batting: LHB Milo Glenn 0-0: Swinging Strike
0-1: Ball
1-1: Foul Ball, location: 2F
1-2: Foul Ball, location: 2F
1-2: Strikes out swinging
Top of the 9th over - 0 runs, 0 hits, 0 errors, 0 left on base; Hendersonville 9 - Boston 16
Saturday, April 7th, 2018 - OOTP Baseball 18.8 Build 76